[Event "XIX Najdorf Memorial 2019"]
[Site "Warsaw"]
[Date "2019.07.09"]
[Round "4.9"]
[White "Shyam, Sundar M."]
[Black "Goslawski, Michal"]
[Result "1/2-1/2"]
[ECO "C42"]
[WhiteElo "2520"]
[BlackElo "2091"]
[Annotator "ChessBase"]
[PlyCount "108"]
[EventDate "2019.07.06"]
[EventType "swiss"]
[EventCountry "POL"]
[SourceTitle "playchess.com"]
[Source "ChessBase"]
[SourceQuality "1"]
[TimeControl "40/5400+30:1800+30"]

1. e4 e5 2. Nf3 Nf6 3. Nxe5 d6 4. Nf3 Nxe4 5. d4 d5 6. Bd3 Nc6 7. O-O Be7 8. Nbd2 Nxd2 9. Bxd2 Bg4 10. c3 O-O 11. h3 Bh5 12. g3 Bg6 13. Bxg6 hxg6 14. Kg2 Re8 15. Re1 Qd7 16. Qc2 b6 17. Qd3 Bf8 18. Qb5 Ne5 19. Qxd7 Nxd7 20. Bf4 Rxe1 21. Nxe1 Rc8 22. a4 Be7 23. h4 Nf8 24. Nd3 f6 25. a5 Ne6 26. axb6 axb6 27. Ra7 Kf8 28. g4 Ke8 29. Bg3 c5 30. Rb7 Rc6 31. dxc5 bxc5 32. Nf4 Nxf4+ 33. Bxf4 Re6 34. Kf3 Re4 35. Rb8+ Kf7 36. Rb5 f5 37. gxf5 gxf5 38. h5 Ke6 39. Rb6+ Kf7 40. Rb5 Ke6 41. Rb6+ Kf7 42. Rb7 Ke6 43. Bd2 c4 44. Be3 Bf6 45. Rb6+ Kd7 46. h6 Rg4 47. Ra6 Be5 48. hxg7 Bxg7 49. Bf4 Ke7 50. Ra7+ Ke6 51. Ra6+ Ke7 52. Rb6 d4 53. cxd4 Bxd4 54. Rb4 Bf6 {[%emt 0:02:43] Ke4} 1/2-1/2

[Event "XIX Najdorf Memorial 2019"]
[Site "Warsaw"]
[Date "2019.07.09"]
[Round "4.9"]
[White "Krysztofiak, Marcin"]
[Black "Zebracki, Tomasz"]
[Result "1-0"]
[ECO "A34"]
[WhiteElo "2382"]
[BlackElo "2183"]
[Annotator "NA"]
[PlyCount "95"]
[EventDate "2019.07.06"]
[EventType "swiss"]
[EventCountry "POL"]
[SourceTitle "playchess.com"]
[Source "ChessBase"]
[SourceQuality "1"]
[TimeControl "40/5400+30:1800+30"]

1. c4 c5 2. Nf3 Nf6 3. Nc3 d5 4. cxd5 Nxd5 5. d4 cxd4 6. Qxd4 Nxc3 7. Qxc3 Nc6 8. e4 Bg4 9. Bb5 Rc8 10. O-O Bxf3 11. Qxf3 Qa5 12. Qb3 e5 13. Be3 Be7 14. Bxc6+ bxc6 15. Qb7 Rc7 16. Qb8+ Bd8 17. Rfd1 Re7 18. b4 Qc7 19. Bxa7 Qxb8 20. Bxb8 Rb7 21. Bd6 Be7 22. a3 Bxd6 23. Rxd6 Ke7 24. Rxc6 Rd8 25. Rc2 Rd3 26. f3 Rb3 27. Rc5 Kf6 28. Ra2 Ra7 29. Ra5 Rxa5 30. bxa5 Rb5 31. a4 Rxa5 32. Kf2 h5 33. Ke3 Kg5 34. g3 h4 35. Kd3 g6 36. Kc4 hxg3 37. hxg3 f5 38. Kb4 Ra8 39. a5 Kf6 40. a6 g5 41. g4 fxg4 42. fxg4 Ke6 43. a7 Kd6 44. Kb5 Kc7 45. Ka6 Rf8 46. Rc2+ Kd6 47. Kb7 Rf7+ 48. Kb8 {[%emt 0:00:26] Kd5} 1-0

[Event "XIX Najdorf Memorial 2019"]
[Site "Warsaw"]
[Date "2019.07.09"]
[Round "4.10"]
[White "Janik, Igor"]
[Black "Romanishin, Oleg M"]
[Result "1/2-1/2"]
[ECO "A40"]
[WhiteElo "2495"]
[BlackElo "2443"]
[Annotator "ChessBase"]
[PlyCount "54"]
[EventDate "2019.07.06"]
[EventType "swiss"]
[EventCountry "POL"]
[SourceTitle "playchess.com"]
[Source "ChessBase"]
[SourceQuality "1"]
[TimeControl "40/5400+30:1800+30"]

1. d4 Nf6 2. c4 e6 3. g3 Bb4+ 4. Nd2 c5 5. Ngf3 cxd4 6. Nxd4 Nc6 7. Nc2 Be7 8. Bg2 d5 9. O-O O-O 10. a3 e5 11. b4 Be6 12. Bb2 dxc4 13. Ne3 Qc7 14. Nexc4 b5 15. Bxc6 Qxc6 16. Nxe5 Qb7 17. Ndf3 a5 18. bxa5 Rxa5 19. Qd2 Ra6 20. Rfc1 h6 21. Nd4 Ne4 22. Qe3 Bf6 23. Nd3 Bc4 24. f3 Bxd3 25. Qxd3 Nd6 26. Rab1 Nc4 27. Rd1 Rd8 1/2-1/2

[Event "XIX Najdorf Memorial 2019"]
[Site "Warsaw"]
[Date "2019.07.09"]
[Round "4.10"]
[White "Budrewicz, Krzysztof"]
[Black "Mosesov, Danylo"]
[Result "0-1"]
[ECO "A50"]
[WhiteElo "2188"]
[BlackElo "2353"]
[Annotator "NA"]
[PlyCount "84"]
[EventDate "2019.07.06"]
[EventType "swiss"]
[EventCountry "POL"]
[SourceTitle "playchess.com"]
[Source "ChessBase"]
[SourceQuality "1"]
[TimeControl "40/5400+30:1800+30"]

1. d4 Nf6 2. c4 b6 3. f3 Nc6 4. Nc3 e5 5. d5 Ne7 6. e4 Ng6 7. Be3 Bc5 8. Qd2 O-O 9. Nge2 Bxe3 10. Qxe3 d6 11. O-O-O Ne8 12. Rd2 f5 13. exf5 Bxf5 14. Ng3 Nh4 15. f4 Nf6 16. Nxf5 Nxf5 17. Qh3 Nd7 18. Bd3 g6 19. g3 exf4 20. gxf4 Nc5 21. Bc2 Qf6 22. Re1 Qh4 23. Qxh4 Nxh4 24. Rf2 Rf7 25. b4 Nd7 26. Nb5 Nf6 27. f5 Ng4 28. Rfe2 gxf5 29. Nd4 Ne5 30. Rg1+ Kh8 31. Rg3 Rg8 32. c5 bxc5 33. bxc5 f4 34. Rh3 Rg4 35. Ne6 f3 36. Rf2 Rg2 37. cxd6 cxd6 38. Rf1 f2 39. Kd2 Rg1 40. Ke2 Rxf1 41. Kxf1 Nc4 42. Rd3 Ng2 0-1

[Event "XIX Najdorf Memorial 2019"]
[Site "Warsaw"]
[Date "2019.07.09"]
[Round "4.11"]
[White "Tomaszewski, Kacper"]
[Black "Kubicka, Anna"]
[Result "1-0"]
[ECO "E20"]
[WhiteElo "2346"]
[BlackElo "2202"]
[Annotator "NA"]
[PlyCount "116"]
[EventDate "2019.07.06"]
[EventType "swiss"]
[EventCountry "POL"]
[SourceTitle "playchess.com"]
[Source "ChessBase"]
[SourceQuality "1"]
[TimeControl "40/5400+30:1800+30"]

1. d4 Nf6 2. c4 e6 3. Nc3 Bb4 4. Bf4 O-O 5. Qb3 a5 6. e3 b6 7. a3 Bxc3+ 8. Qxc3 d6 9. Bd3 Bb7 10. Nf3 Nbd7 11. O-O-O d5 12. Kb1 Qe7 13. Bg5 dxc4 14. Qxc4 Rfc8 15. Ne5 Qd6 16. Bf4 Qf8 17. Qc2 h6 18. Nxd7 Nxd7 19. Be4 Bxe4 20. Qxe4 c5 21. Qb7 Qe8 22. Bd6 c4 23. Rc1 Nf6 24. Be5 Ng4 25. Bg3 b5 26. Rc2 Nf6 27. Rhc1 Qc6 28. Qxc6 Rxc6 29. a4 Ne4 30. axb5 Rb6 31. f3 Nxg3 32. hxg3 Rxb5 33. Rxc4 a4 34. Rc8+ Rxc8 35. Rxc8+ Kh7 36. Rc5 Rb3 37. Rc3 Rb4 38. Ka2 Kg6 39. g4 Kf6 40. Ka3 Rb5 41. e4 g6 42. Rc2 Rb3+ 43. Kxa4 Rd3 44. b4 Rxd4 45. Ka5 Ke7 46. b5 Rd1 47. Kb6 Kd8 48. Ka6 f5 49. gxf5 gxf5 50. exf5 exf5 51. b6 f4 52. b7 Ra1+ 53. Kb6 Rb1+ 54. Ka7 Ra1+ 55. Kb8 Re1 56. Rd2+ Ke7 57. Ra2 Kd6 58. Ka8 Kd5 1-0

[Event "XIX Najdorf Memorial 2019"]
[Site "Warsaw"]
[Date "2019.07.09"]
[Round "4.11"]
[White "Bebel, Arkadiusz"]
[Black "Bernadskiy, Vitaliy"]
[Result "0-1"]
[ECO "C47"]
[WhiteElo "2290"]
[BlackElo "2594"]
[Annotator "ChessBase"]
[PlyCount "84"]
[EventDate "2019.07.06"]
[EventType "swiss"]
[EventCountry "POL"]
[SourceTitle "playchess.com"]
[Source "ChessBase"]
[SourceQuality "1"]
[TimeControl "40/5400+30:1800+30"]

1. e4 e5 2. Nf3 Nc6 3. Nc3 Nf6 4. d4 exd4 5. Nd5 Be7 6. Nxd4 Nxd4 7. Qxd4 O-O 8. Be2 Nxd5 9. exd5 Bf6 10. Qd1 d6 11. O-O Bf5 12. c3 Re8 13. Be3 Be4 14. Bf3 Qd7 15. Bxe4 Rxe4 16. Qd3 Rae8 17. Rad1 Qa4 18. Qb1 Qc4 19. Rd3 h6 20. b3 Qb5 21. c4 Qd7 22. a4 a5 23. Qd1 Qf5 24. Bd2 b6 25. Rf3 Qh7 26. Be3 Be5 27. h3 f5 28. Qd3 g5 29. Bc1 Bd4 30. Qd2 f4 31. Bb2 Bxb2 32. Qxb2 Re1 33. Rxe1 Rxe1+ 34. Kh2 Qf5 35. g3 h5 36. Kg2 g4 37. Rxf4 Qd3 38. Kh2 gxh3 39. Kxh3 Qf1+ 40. Kh4 Re5 41. g4 Qh1+ 42. Kg3 h4# 0-1

[Event "XIX Najdorf Memorial 2019"]
[Site "Warsaw"]
[Date "2019.07.09"]
[Round "4.12"]
[White "Kowalski, Igor"]
[Black "Efimenko, Zahar"]
[Result "1-0"]
[ECO "A47"]
[WhiteElo "2320"]
[BlackElo "2631"]
[Annotator "RC"]
[PlyCount "95"]
[EventDate "2019.07.06"]
[EventType "swiss"]
[EventCountry "POL"]
[SourceTitle "playchess.com"]
[Source "ChessBase"]
[SourceQuality "1"]
[TimeControl "40/5400+30:1800+30"]

1. d4 b6 2. Nf3 Bb7 3. g3 Nf6 4. Bg2 c5 5. dxc5 bxc5 6. O-O g6 7. b3 Bg7 8. Bb2 O-O 9. c4 d6 10. Nc3 Nbd7 11. Qc2 a5 12. Rad1 Bc6 13. Nh4 Qc8 14. a4 Ne5 15. Nb5 Bxg2 16. Nxg2 Bh6 17. Bxe5 dxe5 18. e4 e6 19. f3 Nd7 20. Qd3 Nb8 21. Qd6 Bg7 22. Ne3 Ra6 23. Qe7 Re8 24. Qh4 Rf8 25. f4 exf4 26. gxf4 Nc6 27. f5 exf5 28. exf5 f6 29. Nd5 g5 30. Qh5 Kh8 31. Ndc7 Ne5 32. Nxa6 Qxa6 33. Qe2 g4 34. Qe4 Bh6 35. Kh1 Bg5 36. Nc7 Qc8 37. Ne6 Rg8 38. Rd5 Qb8 39. Rxe5 fxe5 40. f6 Bh6 41. f7 Rc8 42. f8=R+ Rxf8 43. Nxf8 Bxf8 44. Rf7 Bg7 45. Qxg4 Qa8+ 46. Qg2 Qg8 47. Ra7 e4 48. Qxe4 1-0

[Event "XIX Najdorf Memorial 2019"]
[Site "Warsaw"]
[Date "2019.07.09"]
[Round "4.12"]
[White "Harazinska, Magdalena"]
[Black "Oglaza, Oskar"]
[Result "1/2-1/2"]
[ECO "A57"]
[WhiteElo "2004"]
[BlackElo "2345"]
[Annotator "NA"]
[PlyCount "120"]
[EventDate "2019.07.06"]
[EventType "swiss"]
[EventCountry "POL"]
[SourceTitle "playchess.com"]
[Source "ChessBase"]
[SourceQuality "1"]
[TimeControl "40/5400+30:1800+30"]

1. d4 Nf6 2. c4 c5 3. d5 b5 4. Qc2 bxc4 5. e4 d6 6. Bxc4 g6 7. f4 Bg7 8. Nf3 O-O 9. O-O Nfd7 10. Nc3 Ba6 11. b3 Nb6 12. Bxa6 Nxa6 13. Bb2 c4 14. Nb5 Bxb2 15. Qxb2 Qd7 16. Nbd4 Nc7 17. f5 e5 18. dxe6 fxe6 19. Ng5 e5 20. Nde6 Nxe6 21. Nxe6 Rf6 22. Rf3 Kh8 23. Raf1 gxf5 24. exf5 Rg8 25. Qf2 Qf7 26. Qh4 cxb3 27. axb3 Nd5 28. Ng5 Qg7 29. Rg3 Nf4 30. Nxh7 Rh6 31. Rxg7 Rxh4 32. Rxg8+ Kxg8 33. Ng5 Rg4 34. Ne6 Rxg2+ 35. Kh1 Rb2 36. Nxf4 exf4 37. Rxf4 Rxb3 38. Ra4 Kf7 39. Rxa7+ Kf6 40. Rd7 Rd3 41. Kg2 Kxf5 42. Kf2 Ke5 43. h4 Rh3 44. Re7+ Kf4 45. Rf7+ Ke4 46. Re7+ Kd4 47. Rh7 d5 48. Rh8 Kd3 49. h5 d4 50. h6 Kd2 51. h7 d3 52. Kg2 Rh6 53. Kg3 Rg6+ 54. Kf4 Rg7 55. Kf5 Rd7 56. Kg6 Kd1 57. Rf8 Rxh7 58. Kxh7 d2 59. Rd8 Ke2 60. Rxd2+ Kxd2 1/2-1/2

[Event "XIX Najdorf Memorial 2019"]
[Site "Warsaw"]
[Date "2019.07.09"]
[Round "4.13"]
[White "Jakubowski, Krzysztof"]
[Black "Hassan, Abdullah"]
[Result "1-0"]
[ECO "A11"]
[WhiteElo "2528"]
[BlackElo "2311"]
[Annotator "ChessBase"]
[PlyCount "115"]
[EventDate "2019.07.06"]
[EventType "swiss"]
[EventCountry "POL"]
[SourceTitle "playchess.com"]
[Source "ChessBase"]
[SourceQuality "1"]
[TimeControl "40/5400+30:1800+30"]

1. c4 c6 2. Nf3 d5 3. e3 Nf6 4. Nc3 e6 5. b3 Nbd7 6. Bb2 e5 7. cxd5 cxd5 8. Rc1 a6 9. Ne2 Bd6 10. Ng3 g6 11. h4 h5 12. Ng5 Nc5 13. d4 Bg4 14. f3 exd4 15. Ne2 Bf5 16. Nxd4 Bg3+ 17. Kd2 Qa5+ 18. Rc3 Be5 19. a3 Bxd4 20. exd4 Ne6 21. Bd3 Bxd3 22. Nxe6 fxe6 23. Kxd3 O-O 24. Qe1 Qb6 25. Qg3 Kg7 26. Rhc1 Rf7 27. Kc2 Rd8 28. Qe5 Qd6 29. a4 Qxe5 30. dxe5 Ng8 31. Rd1 Ne7 32. Bc1 Nf5 33. Bg5 Rdd7 34. Kd3 d4 35. Rc8 Ne3 36. Bf6+ Rxf6 37. exf6+ Kxf6 38. Rd2 e5 39. Rf8+ Ke7 40. Rb8 Nf5 41. Re2 Ne3 42. Rh8 Kf6 43. g3 Rc7 44. Rf8+ Ke7 45. Rb8 Kf6 46. f4 exf4 47. Rf8+ Kg7 48. Rxf4 Nf5 49. Rc2 Re7 50. Re4 Rd7 51. g4 hxg4 52. Rc8 g3 53. Rg4 Kf6 54. Rg8 Ne7 55. Rf8+ Kg7 56. Rf1 Kh6 57. Rf7 Rc7 58. Kd2 1-0

[Event "XIX Najdorf Memorial 2019"]
[Site "Warsaw"]
[Date "2019.07.09"]
[Round "4.13"]
[White "Dzida, Kamil"]
[Black "Fus, Jakub"]
[Result "1-0"]
[ECO "B69"]
[WhiteElo "1987"]
[BlackElo "2341"]
[Annotator "NA"]
[PlyCount "131"]
[EventDate "2019.07.06"]
[EventType "swiss"]
[EventCountry "POL"]
[SourceTitle "playchess.com"]
[Source "ChessBase"]
[SourceQuality "1"]
[TimeControl "40/5400+30:1800+30"]

1. e4 c5 2. Nf3 d6 3. d4 cxd4 4. Nxd4 Nf6 5. Nc3 Nc6 6. Bg5 e6 7. Qd2 a6 8. O-O-O Bd7 9. f4 Be7 10. Nf3 b5 11. Bxf6 gxf6 12. Bd3 b4 13. Ne2 Qb6 14. Kb1 a5 15. f5 Qc5 16. Nf4 a4 17. Rhe1 a3 18. b3 Ne5 19. Be2 Rb8 20. Nd4 Qc8 21. Bh5 exf5 22. exf5 Bxf5 23. Nd5 Bd8 24. Qh6 Bg6 25. Bf3 Rb5 26. Re3 Rxd5 27. Bxd5 Bb6 28. Qg7 Rf8 29. Bc6+ Ke7 30. Rf1 Rd8 31. Qxf6+ Kf8 32. Qh8+ Ke7 33. Rxe5+ dxe5 34. Qxe5+ Kf8 35. Qh8+ Ke7 36. Qf6+ Kf8 37. Ne6+ Qxe6 38. Qxe6 Rd1+ 39. Rxd1 fxe6 40. Re1 Ke7 41. Be4 Bf7 42. Bxh7 Bd4 43. Bd3 e5 44. Kc1 Bc3 45. Re4 Bd5 46. Rg4 Be6 47. Rg7+ Kf8 48. Rg5 Bd5 49. Kd1 Ke7 50. Ke2 Kf6 51. Rg6+ Kf7 52. Rg4 Kf6 53. h4 Bf7 54. Rg5 Bd5 55. g4 Bb7 56. Rg6+ Kf7 57. Rb6 Bh1 58. g5 e4 59. Bc4+ Kg7 60. h5 Bf3+ 61. Ke3 Bxh5 62. Kxe4 Bg6+ 63. Ke3 Bxc2 64. Rb7+ Kh8 65. g6 Bxg6 66. Bd3 1-0

[Event "XIX Najdorf Memorial 2019"]
[Site "Warsaw"]
[Date "2019.07.09"]
[Round "4.14"]
[White "Klekowski, Maciej"]
[Black "Sanz Wawer, Daniel"]
[Result "1/2-1/2"]
[ECO "A16"]
[WhiteElo "2482"]
[BlackElo "2154"]
[Annotator "ChessBase"]
[PlyCount "120"]
[EventDate "2019.07.06"]
[EventType "swiss"]
[EventCountry "POL"]
[SourceTitle "playchess.com"]
[Source "ChessBase"]
[SourceQuality "1"]
[TimeControl "40/5400+30:1800+30"]

1. c4 Nf6 2. Nc3 d5 3. cxd5 Nxd5 4. g3 g6 5. Bg2 Nb6 6. d3 Bg7 7. Be3 Nc6 8. Qd2 Nd4 9. Rc1 c6 10. Bh6 Bxh6 11. Qxh6 Nf5 12. Qd2 Be6 13. h4 h5 14. Nh3 f6 15. Ne4 Nd7 16. Nf4 Bf7 17. Bh3 Qb6 18. Qc3 O-O-O 19. b4 Kb8 20. O-O Nd4 21. e3 e5 22. exd4 exf4 23. Bxd7 Rxd7 24. Nxf6 Rd6 25. d5 Qd8 26. Ne4 Rxd5 27. b5 cxb5 28. Ng5 Rf8 29. Rfe1 fxg3 30. fxg3 Qb6+ 31. Kg2 Rxg5 32. hxg5 Bd5+ 33. Re4 Qf2+ 34. Kh3 Qf5+ 35. Kh2 Qf2+ 36. Kh3 Qf5+ 37. Kh2 Bxe4 38. Qc7+ Ka8 39. dxe4 Qg4 40. Qd6 Qe2+ 41. Kh3 Qg4+ 42. Kh2 Rb8 43. Qf4 Qe2+ 44. Kh3 Qxa2 45. Qf6 Qe2 46. Qd4 Qg4+ 47. Kh2 Qe6 48. e5 Re8 49. Rc7 Kb8 50. Rd7 Rc8 51. Rd8 Qa2+ 52. Kh3 Qe6+ 53. Kh2 a5 54. Rxc8+ Kxc8 55. Qc5+ Qc6 56. Qf8+ Kc7 57. Qf7+ Kd8 58. e6 Qe8 59. Qf6+ Kc7 60. Qf7+ Kd8 1/2-1/2

[Event "XIX Najdorf Memorial 2019"]
[Site "Warsaw"]
[Date "2019.07.09"]
[Round "4.14"]
[White "Baum, Jonasz"]
[Black "Ali Marandi, Cemil Can"]
[Result "1-0"]
[ECO "A81"]
[WhiteElo "2308"]
[BlackElo "2527"]
[Annotator "ChessBase"]
[PlyCount "77"]
[EventDate "2019.07.06"]
[EventType "swiss"]
[EventCountry "POL"]
[SourceTitle "playchess.com"]
[Source "ChessBase"]
[SourceQuality "1"]
[TimeControl "40/5400+30:1800+30"]

1. d4 f5 2. g3 Nf6 3. Bg2 g6 4. Nh3 Bg7 5. O-O O-O 6. c4 Nc6 7. Nc3 d6 8. d5 Ne5 9. Qb3 Kh8 10. Nf4 c5 11. h4 Rb8 12. Bd2 a6 13. a4 Bd7 14. Qa2 Ne8 15. Rab1 b6 16. b3 Nc7 17. a5 b5 18. cxb5 axb5 19. Ne6 Nxe6 20. dxe6 Bc6 21. Nd5 Ra8 22. b4 cxb4 23. Bxb4 Ra7 24. Bc3 Qc8 25. Bxe5 dxe5 26. Nb6 Qb7 27. Bxc6 Qxc6 28. Rfc1 Qe4 29. Rxb5 Qg4 30. Nd7 f4 31. Qc4 Rxd7 32. exd7 Qxd7 33. Qd3 Qa7 34. gxf4 exf4 35. Rbc5 e5 36. Rc8 Qe7 37. Rxf8+ Bxf8 38. Rc8 Kg7 39. Qd8 1-0

[Event "XIX Najdorf Memorial 2019"]
[Site "Warsaw"]
[Date "2019.07.09"]
[Round "4.15"]
[White "Deszczynski, Adam"]
[Black "Gukesh D"]
[Result "0-1"]
[ECO "B46"]
[WhiteElo "2304"]
[BlackElo "2520"]
[Annotator "ChessBase"]
[PlyCount "80"]
[EventDate "2019.07.06"]
[EventType "swiss"]
[EventCountry "POL"]
[SourceTitle "playchess.com"]
[Source "ChessBase"]
[SourceQuality "1"]
[TimeControl "40/5400+30:1800+30"]

1. e4 c5 2. Nf3 e6 3. Nc3 Nc6 4. d4 cxd4 5. Nxd4 a6 6. g3 d6 7. Bg2 Bd7 8. O-O Nf6 9. Nxc6 Bxc6 10. a4 Be7 11. a5 O-O 12. Be3 Rc8 13. Re1 Nd7 14. Na4 f5 15. Nb6 Nxb6 16. Bxb6 Qd7 17. exf5 Bxg2 18. Kxg2 Rxf5 19. c3 Bd8 20. Bxd8 Rxd8 21. Qb3 d5 22. Re2 Rdf8 23. Rd1 Qf7 24. Rdd2 h5 25. c4 d4 26. Qd3 e5 27. Qe4 Kh8 28. b3 g5 29. Qd5 Qg7 30. Re4 g4 31. h3 Qf6 32. Ree2 gxh3+ 33. Kxh3 h4 34. Kg2 hxg3 35. fxg3 Rg8 36. Rf2 Rxg3+ 37. Kf1 Rgf3 38. Rxf3 Rxf3+ 39. Kg2 Rf5 40. Qe4 Rg5+ 0-1

[Event "XIX Najdorf Memorial 2019"]
[Site "Warsaw"]
[Date "2019.07.09"]
[Round "4.15"]
[White "Fiedorek, Michal"]
[Black "Jarmula, Lukasz"]
[Result "0-1"]
[ECO "B69"]
[WhiteElo "2241"]
[BlackElo "2480"]
[Annotator "ChessBase"]
[PlyCount "62"]
[EventDate "2019.07.06"]
[EventType "swiss"]
[EventCountry "POL"]
[SourceTitle "playchess.com"]
[Source "ChessBase"]
[SourceQuality "1"]
[TimeControl "40/5400+30:1800+30"]

1. e4 c5 2. Nf3 d6 3. d4 cxd4 4. Nxd4 Nf6 5. Nc3 Nc6 6. Bg5 e6 7. Qd2 a6 8. O-O-O Bd7 9. f4 Be7 10. Nf3 b5 11. Bxf6 gxf6 12. f5 Qb6 13. Kb1 O-O-O 14. g3 Kb8 15. fxe6 fxe6 16. Bh3 Na5 17. Nd4 b4 18. Nce2 e5 19. Bxd7 Rxd7 20. Nf5 Nc4 21. Qd5 Rc8 22. g4 Bf8 23. Neg3 Qf2 24. Qd3 Rdc7 25. Qe2 Qxe2 26. Nxe2 Nxb2 27. Kxb2 Rxc2+ 28. Kb3 Rxe2 29. Ng3 Rec2 30. Rd3 a5 31. h4 R2c3+ 0-1

[Event "XIX Najdorf Memorial 2019"]
[Site "Warsaw"]
[Date "2019.07.09"]
[Round "4.16"]
[White "Czerw, Dawid"]
[Black "Cieslak, Wiktoria"]
[Result "1/2-1/2"]
[ECO "E46"]
[WhiteElo "2326"]
[BlackElo "2001"]
[Annotator "NA"]
[PlyCount "81"]
[EventDate "2019.07.06"]
[EventType "swiss"]
[EventCountry "POL"]
[SourceTitle "playchess.com"]
[Source "ChessBase"]
[SourceQuality "1"]
[TimeControl "40/5400+30:1800+30"]

1. d4 Nf6 2. c4 e6 3. Nc3 Bb4 4. e3 O-O 5. Nge2 d5 6. a3 Be7 7. cxd5 exd5 8. g3 c6 9. Bg2 Re8 10. Qc2 Nbd7 11. O-O Nf8 12. b4 Be6 13. f3 Qd7 14. Rf2 b6 15. Bd2 Rec8 16. Na4 Rc7 17. Rc1 Rac8 18. Qd1 h5 19. Nf4 Bf5 20. Bf1 Ne6 21. Nd3 Ng5 22. Ne5 Qe6 23. g4 hxg4 24. e4 dxe4 25. Bxg5 gxf3 26. Nc3 Nd5 27. Bxe7 Qxe7 28. Qe1 Nxc3 29. Rxc3 c5 30. bxc5 bxc5 31. Nxf3 exf3 32. Qxe7 Rxe7 33. Rcxf3 Be4 34. Rc3 Rec7 35. Bc4 Rd8 36. dxc5 Rd1+ 37. Rf1 Rxf1+ 38. Kxf1 Kf8 39. Bb3 f5 40. Ke2 Ke7 41. h4 1/2-1/2

[Event "XIX Najdorf Memorial 2019"]
[Site "Warsaw"]
[Date "2019.07.09"]
[Round "4.17"]
[White "Lapaj, Mateusz"]
[Black "Paszewski, Mateusz"]
[Result "0-1"]
[ECO "B12"]
[WhiteElo "2223"]
[BlackElo "2324"]
[Annotator "NA"]
[PlyCount "78"]
[EventDate "2019.07.06"]
[EventType "swiss"]
[EventCountry "POL"]
[SourceTitle "playchess.com"]
[Source "ChessBase"]
[SourceQuality "1"]
[TimeControl "40/5400+30:1800+30"]

1. e4 c6 2. d4 d5 3. e5 Bf5 4. Nf3 e6 5. Be2 Nd7 6. O-O Ne7 7. Nbd2 h6 8. Nb3 g5 9. Ne1 Qc7 10. Nd3 Bg7 11. f4 gxf4 12. Nxf4 c5 13. c3 O-O-O 14. Be3 Rhg8 15. Rc1 c4 16. Nd2 f6 17. exf6 Bxf6 18. Qa4 Kb8 19. b3 Nb6 20. Qa3 Bg5 21. Bh5 Rdf8 22. Kh1 Bh3 23. Nxh3 Bxe3 24. Qb2 Nf5 25. Rce1 Bg5 26. Nf3 Nc8 27. Rxe6 Ncd6 28. Nhxg5 hxg5 29. Bg4 Ne4 30. Bxf5 Rxf5 31. Re5 Rf7 32. Kg1 Rgf8 33. bxc4 g4 34. cxd5 Nd6 35. Nd2 Nc4 36. Qb4 Rxf1+ 37. Nxf1 Qf7 38. Re8+ Qxe8 39. Qxc4 Qe1 0-1

[Event "XIX Najdorf Memorial 2019"]
[Site "Warsaw"]
[Date "2019.07.09"]
[Round "4.18"]
[White "Malovanyi, Yulian"]
[Black "Kucza, Karol"]
[Result "1/2-1/2"]
[ECO "C24"]
[WhiteElo "2204"]
[BlackElo "2315"]
[Annotator "NA"]
[PlyCount "101"]
[EventDate "2019.07.06"]
[EventType "swiss"]
[EventCountry "POL"]
[SourceTitle "playchess.com"]
[Source "ChessBase"]
[SourceQuality "1"]
[TimeControl "40/5400+30:1800+30"]

1. e4 e5 2. Bc4 Nf6 3. d3 Nc6 4. Nc3 Na5 5. Nge2 Nxc4 6. dxc4 Bc5 7. O-O h6 8. Qd3 d6 9. Be3 Bb6 10. h3 O-O 11. a4 Ba5 12. Rfd1 Qe7 13. Ng3 Bxc3 14. Qxc3 b6 15. a5 Be6 16. b3 Qe8 17. f3 Qc6 18. Qd2 Kh7 19. Ne2 Ng8 20. Nc3 Ne7 21. Ra4 f5 22. Rda1 f4 23. Bf2 g5 24. axb6 axb6 25. Nb5 Rxa4 26. Rxa4 Nc8 27. Qb4 h5 28. Na7 Nxa7 29. Rxa7 Rf7 30. Qb5 Qxb5 31. cxb5 d5 32. exd5 Bxd5 33. c4 Be6 34. c5 bxc5 35. Bxc5 Bxb3 36. b6 cxb6 37. Rxf7+ Bxf7 38. Bxb6 Kg6 39. Kf2 Kf5 40. Bd8 Bd5 41. Be7 g4 42. hxg4+ hxg4 43. fxg4+ Kxg4 44. Ba3 Bxg2 45. Bb2 e4 46. Bc1 Bf3 47. Bd2 Kf5 48. Bc1 Bh5 49. Bd2 e3+ 50. Bxe3 fxe3+ 51. Kxe3 1/2-1/2

[Event "XIX Najdorf Memorial 2019"]
[Site "Warsaw"]
[Date "2019.07.09"]
[Round "4.19"]
[White "Wisniewski, Michal"]
[Black "Marczuk, Dominik"]
[Result "1-0"]
[ECO "A05"]
[WhiteElo "2103"]
[BlackElo "2300"]
[Annotator "NA"]
[PlyCount "169"]
[EventDate "2019.07.06"]
[EventType "swiss"]
[EventCountry "POL"]
[SourceTitle "playchess.com"]
[Source "ChessBase"]
[SourceQuality "1"]
[TimeControl "40/5400+30:1800+30"]

1. Nf3 Nf6 2. c4 g6 3. g3 Bg7 4. Bg2 O-O 5. O-O d6 6. Nc3 Nc6 7. d3 e5 8. Rb1 a5 9. a3 Re8 10. Bg5 h6 11. Bxf6 Bxf6 12. b4 axb4 13. axb4 Bg7 14. b5 Nd4 15. Nxd4 exd4 16. Nd5 Bg4 17. Re1 Ra2 18. Bf3 Bxf3 19. exf3 Rxe1+ 20. Qxe1 Qd7 21. Ra1 Rxa1 22. Qxa1 c6 23. bxc6 bxc6 24. Qa8+ Kh7 25. Nb4 c5 26. Nd5 g5 27. Kg2 Be5 28. Qf8 Bg7 29. Qb8 Be5 30. Nb6 Qf5 31. Qe8 Qe6 32. Qd8 Qf5 33. Nc8 Qe6 34. g4 f5 35. h3 fxg4 36. fxg4 Kg7 37. Ne7 Kf7 38. Nf5 Kg6 39. Qf8 Kh7 40. Kf3 d5 41. Qxc5 dxc4 42. Qxc4 Qd7 43. Qa6 Bg7 44. Qa8 h5 45. Qe4 hxg4+ 46. hxg4 Kg8 47. Qe7 Qc6+ 48. Kg3 Bf6 49. Nh6+ Kh8 50. Nf7+ Kg8 51. Ne5 Bxe5+ 52. Qxe5 Qc1 53. Qxd4 Qg1+ 54. Kf3 Qh1+ 55. Ke2 Qc1 56. Qe3 Qc2+ 57. Kf3 Qd1+ 58. Qe2 Qh1+ 59. Ke3 Qc1+ 60. Ke4 Qc6+ 61. Kf5 Kf7 62. Qa2+ Kg7 63. Qa7+ Kh6 64. Qf7 Qf3+ 65. Ke6 Qxg4+ 66. Qf5 Qb4 67. Qf6+ Kh5 68. d4 Qb6+ 69. Kf7 Qb7+ 70. Kg8 Kh4 71. Qf7 Qb8+ 72. Kg7 Qb2 73. Qf6 Qd2 74. Kg6 Qd3+ 75. Qf5 Qa6+ 76. Kh7 Qa7+ 77. Kh6 Qe7 78. d5 Qd6+ 79. Kg7 Qe7+ 80. Kg6 Qe8+ 81. Qf7 Qe4+ 82. Kh6 Qe2 83. d6 Qd1 84. Qg6 Qg4 85. d7 1-0

[Event "XIX Najdorf Memorial 2019"]
[Site "Warsaw"]
[Date "2019.07.09"]
[Round "4.20"]
[White "Martynyuk, Elizaveta"]
[Black "Bednarek, Sylwester"]
[Result "1-0"]
[ECO "C15"]
[WhiteElo "2125"]
[BlackElo "2291"]
[Annotator "NA"]
[PlyCount "81"]
[EventDate "2019.07.06"]
[EventType "swiss"]
[EventCountry "POL"]
[SourceTitle "playchess.com"]
[Source "ChessBase"]
[SourceQuality "1"]
[TimeControl "40/5400+30:1800+30"]

1. e4 e6 2. d4 d5 3. Nc3 Bb4 4. exd5 exd5 5. Bd3 Nc6 6. a3 Ba5 7. Nge2 Nce7 8. Bg5 f6 9. Bf4 Ng6 10. Bg3 N8e7 11. h4 Bxc3+ 12. Nxc3 c6 13. h5 Nf8 14. h6 g6 15. Qf3 Bf5 16. O-O-O Ne6 17. Rhe1 Qd7 18. Bh4 O-O 19. g4 Bxd3 20. Rxd3 g5 21. Bg3 Rf7 22. Qe2 Nf8 23. f4 gxf4 24. Bxf4 Neg6 25. Bg3 Re7 26. Qf3 Rxe1+ 27. Bxe1 Re8 28. Bg3 Qf7 29. Nd1 Ne6 30. Re3 Re7 31. c3 Ng5 32. Qf5 Ne4 33. Bh2 Qf8 34. c4 Qxh6 35. cxd5 Ng3 36. Bxg3 Rxe3 37. g5 Qh1 38. d6 Re8 39. d7 Rf8 40. Qe6+ Kg7 41. Bd6 1-0